 Dungeon Crawl Stone Soup version 0.28-b1-1-g3c77fb2 (webtiles) character file.

Game seed: 13965970044581487297

1125 Host24 the Quickloader (level 8, -3/48 HPs)
             Began as a Kobold Hunter on Jan 26, 2022.
             Was an Initiate of Dithmenos.
             Slain by an acid dragon (10 damage)
             ... on level 5 of the Dungeon.
             The game lasted 00:32:50 (8814 turns).

Host24 the Quickloader (Kobold Hunter)              Turns: 8814, Time: 00:32:52

Health: -3/48      AC:  8    Str: 11    XL:     8   Next: 61%
Magic:  11/11      EV: 13    Int: 13    God:    Dithmenos [......]
Gold:   162        SH:  0    Dex: 15    Spells: 10/11 levels left

rFire   . . .      SeeInvis .   a - +1 hand crossbow
rCold   . . .      Faith    .   (no shield)
rNeg    . . .      Spirit   .   n - +1 ring mail {rPois}
rPois   +          Reflect  .   w - +0 helmet
rElec   .          Harm     .   F - +0 cloak
rCorr   .          Rampage  .   (no gloves)
Will    .....                   (no boots)
Stlth   ++........              (no amulet)
HPRegen 0.16/turn               (no ring)
MPRegen 0.12/turn               (no ring)

@: no status effects
A: small, no large weapons, nightstalker 3
a: Renounce Religion


You were on level 5 of the Dungeon.
You worshipped Dithmenos.
Dithmenos was noncommittal.
You visited 2 branches of the dungeon, and saw 6 of its levels.

You collected 162 gold pieces.

Inventory:

Hand Weapons
 a - a +1 hand crossbow (weapon)
 i - a +2 dagger of freezing
 q - a +0 hunting sling
 v - a +2 dagger of venom
 x - a +0 whip of electrocution
 E - a +3 quarterstaff of chaos
Missiles
 d - 9 bolts (quivered ammo)
 f - 174 stones
 h - 12 poisoned darts
 o - 24 sling bullets
 z - 38 arrows
Armour
 k - a +2 robe of fire resistance
 n - a +1 ring mail of poison resistance (worn)
 w - a +0 helmet (worn)
 F - a +0 cloak (worn)
Jewellery
 r - an amulet of magic regeneration
 t - an amulet of faith
Wands
 c - a wand of polymorph (9)
 u - a wand of digging (2)
 D - a wand of flame (14)
Scrolls
 b - a scroll of summoning
 e - a scroll of amnesia
 j - a scroll of enchant armour
 l - a scroll of silence
 y - a scroll of immolation {unknown}
 B - a scroll of fog {unknown}
 G - a scroll of teleportation {unknown}
Potions
 g - a potion of flight {unknown}
 m - a potion of lignification
 p - 2 potions of might
 s - a potion of attraction
 C - a potion of degeneration {unknown}


   Skills:
 - Level 4.1 Fighting
 - Level 1.6 Short Blades
 + Level 9.6 Crossbows
 - Level 2.0 Armour
 - Level 3.1 Dodging
 - Level 2.0 Stealth
 - Level 2.0 Spellcasting
 - Level 3.3 Hexes


You had 10 spell levels left.
You knew the following spells:

 Your Spells              Type           Power      Damage    Failure   Level
a - Slow                  Hex            36%        N/A       16%         1

Your spell library contained the following spells:

 Spells                   Type           Power      Damage    Failure   Level
 Confusing Touch          Hex            9%         N/A       41%         3
 Shock                    Conj/Air       4%         1d3       52%         1
 Corpse Rot               Necr/Air       2%         N/A       65%         2
 Poisonous Vapours        Pois/Air       2%         N/A       65%         2
 Swiftness                Air            1%         N/A       87%         3
 Vampiric Draining        Necr           1%         2d6       87%         3
 Airstrike                Air            0%         N/A       99%         4


Dungeon Overview and Level Annotations

Branches:
Dungeon (5/15)             Temple (1/1) D:5

Altars:
Ashenzari
Cheibriados
Dithmenos
Elyvilon
Fedhas
Gozag
Kikubaaqudgha
Makhleb
Nemelex Xobeh
Okawaru
Ru
Sif Muna
Trog
Uskayaw
Yredelemnul
Zin
The Shining One

Shops:
D:2 :[[

Annotations:
D:4 Pikel
D:5 Dowan, Duvessa


Innate Abilities, Weirdness & Mutations

You are small and have problems with some larger weapons.
You are completely attuned to the shadows.


Message History

Fire: 14 bolts
Press: ? - help, Q - select action, (/) - cycle Shift-Dir - straight line, f/p - acid dragon
Aim: an acid dragon (lightly wounded, 69% to hit)
You shoot a bolt. The bolt hits the acid dragon!
The acid dragon is heavily wounded.
The acid dragon bites you. The acid dragon closely misses you.
Fire: 13 bolts
Press: ? - help, Q - select action, (/) - cycle Shift-Dir - straight line, f/p - acid dragon
Aim: an acid dragon (heavily wounded, 69% to hit)
You shoot a bolt. The bolt hits the acid dragon.
The acid dragon is severely wounded.
The acid dragon bites you!
The acid dragon claws you but does no damage.
Fire: 12 bolts
Press: ? - help, Q - select action, (/) - cycle Shift-Dir - straight line, f/p - acid dragon
Aim: an acid dragon (severely wounded, 69% to hit)
You shoot a bolt. The bolt hits the acid dragon.
The acid dragon is severely wounded.
The acid dragon spits acid at you. The splash of acid hits you!!
Ouch! That really hurt!
* * * LOW HITPOINT WARNING * * *
You feel better. The acid dragon bites you!
* * * LOW HITPOINT WARNING * * *
The acid dragon barely misses you.
Fire: 11 bolts
Press: ? - help, Q - select action, (/) - cycle Shift-Dir - straight line, f/p - acid dragon
Aim: an acid dragon (severely wounded, 69% to hit)
You shoot a bolt.
The bolt closely misses the acid dragon.
The acid dragon bites you.
* * * LOW HITPOINT WARNING * * *
The acid dragon claws you but does no damage.
Fire: 10 bolts
Press: ? - help, Q - select action, (/) - cycle Shift-Dir - straight line, f/p - acid dragon
Aim: an acid dragon (severely wounded, 69% to hit)
You shoot a bolt.
The bolt completely misses the acid dragon.
The acid dragon bites you!
You die...

###.# #>..))....... #...#
#.####....... #.#.####
#.#....#####. #.#....# #.###..#
#. ######.####.#######.# #..#
#.
#.............##....###.######.
#.########.....#.##............
#...........#..#.######.####...
#..######.(..D@#.# #.....##.##
#...........##...# #.#.#.##.#
#...####....#########.#.#.##.#
##....D...#.#.......#...#.#<.#
###...##...#.##.####.#.###....#
#...............# #.#####....#
#....####.......# #.....#.#..#
#..............## #..........#
#...######.....# #.....#.##.#


You could see an acid dragon.

Vanquished Creatures
  An ice beast (D:5)
  A necrophage (D:4)
  3 lemures
  A phantom (D:5)
  Blork the orc (D:4)
  2 scorpions
  A howler monkey (D:5)
  2 jellies
  A hound (D:5)
  Crazy Yiuf (D:4)
  A bullfrog skeleton (D:5)
  A gnoll shaman (D:5)
  Ijyb (D:3)
  2 iguanas
  Natasha (thrice) (D:4)
  An orc wizard (D:5)
  2 scorpion zombies (D:5)
  A hound zombie (D:5)
  A hound skeleton (D:5)
  Robin (D:3)
  4 gnolls (D:5)
  8 adders
  2 worms
  4 dart slugs
  7 orcs
  7 endoplasms (D:1)
  2 giant cockroaches (D:1)
  7 hobgoblins
  6 jackals
  8 kobolds
  A quokka (D:4)
  7 ball pythons
  5 bats
  11 goblins
  9 rats
116 creatures vanquished.

Vanquished Creatures (others)
  3 plants (D:5)
3 creatures vanquished.

Grand Total: 119 creatures vanquished

Notes
Turn   | Place    | Note
-------+----------+-------------------------------------------
     0 | D:1      | Host24 the Kobold Hunter began the quest for the Orb.
     0 | D:1      | Reached XP level 1. HP: 12/12 MP: 1/1
    54 | D:1      | Reached skill level 5 in Crossbows
   439 | D:1      | Reached XP level 2. HP: 16/17 MP: 2/2
   895 | D:1      | Found a faded altar of an unknown god.
  1229 | D:1      | Reached XP level 3. HP: 20/22 MP: 3/3
  1734 | D:2      | Found a sacrificial altar of Ru.
  1782 | D:2      | Found Emaptymn's Antique Armour Emporium.
  1792 | D:2      | Learned a level 1 spell: Slow
  2218 | D:2      | You fall into a shaft and drop 1 floor!
  2342 | D:2      | Found Nini's Antique Armour Emporium.
  2439 | D:2      | Found Doosmig's Book Emporium.
  2879 | D:3      | Noticed Ijyb
  2892 | D:3      | Killed Ijyb
  2893 | D:3      | Reached XP level 4. HP: 25/28 MP: 4/4
  2987 | D:3      | Reached skill level 6 in Crossbows
  3105 | D:3      | Reached XP level 5. HP: 32/32 MP: 5/5
  3311 | D:3      | Noticed Robin
  3319 | D:3      | Killed Robin
  3320 | D:3      | Reached skill level 1 in Hexes
  3548 | D:3      | Found a burning altar of Makhleb.
  3550 | D:3      | Noticed a green death
  3551 | D:3      | Noticed a neqoxec
  3551 | D:3      | Noticed a neqoxec
  3836 | D:4      | Reached skill level 1 in Armour
  4045 | D:4      | Noticed Pikel
  4097 | D:4      | Found a runed translucent door.
  4100 | D:4      | Noticed Crazy Yiuf
  4156 | D:4      | Noticed a lemure
  4475 | D:3      | Killed a lemure
  4749 | D:4      | Noticed Natasha
  4756 | D:4      | Killed Natasha
  4757 | D:4      | Reached skill level 1 in Short Blades
  4842 | D:4      | Noticed a lemure
  4842 | D:4      | Noticed a lemure
  4842 | D:4      | Noticed a lemure
  5418 | D:4      | Found a white marble altar of Elyvilon.
  5427 | D:4      | Noticed Natasha
  5433 | D:4      | Killed Natasha
  5434 | D:4      | Reached XP level 6. HP: 35/38 MP: 6/6
  5504 | D:4      | Noticed a necrophage
  6108 | D:5      | Entered Level 5 of the Dungeon
  6119 | D:5      | Reached XP level 7. HP: 43/43 MP: 10/10
  6180 | D:5      | Reached skill level 7 in Crossbows
  6344 | D:5      | Noticed Duvessa
  6394 | D:4      | Noticed Natasha
  6727 | D:5      | Reached skill level 8 in Crossbows
  7163 | D:5      | Reached XP level 8. HP: 28/48 MP: 11/11
  7643 | D:4      | Killed Natasha
  7667 | D:4      | Noticed Blork the orc
  7676 | D:4      | Found a shimmering blue altar of Sif Muna.
  7708 | D:4      | Killed Blork the orc
  7709 | D:4      | Reached skill level 9 in Crossbows
  7980 | D:4      | Killed Crazy Yiuf
  8139 | D:5      | Noticed Dowan
  8405 | D:5      | Found a staircase to the Ecumenical Temple.
  8411 | Temple   | Entered the Ecumenical Temple
  8546 | Temple   | Became a worshipper of Dithmenos the Shadowed
  8814 | D:5      | Slain by an acid dragon

Illustrated notes

Levels and vault maps discovered:
D:1:      matt_arrival_los_fun, layout_basic, ebering_ecumenical_altar_mist
D:2:      layout_basic, serial_shops,
          nicolae_shop_temple_entry_statues_fountains, nicolae_diamond_shop,
          nicolae_shop_trees, basic_altar, nicolae_elevator_lobby_plus
D:3:      layout_loops_ring, makhleb_altar_promises_db, serial_rivers,
          chequers_serial_rivers_micro_e, chequers_serial_rivers_micro_b,
          chequers_serial_rivers_micro_b, chequers_serial_rivers_micro_d,
          chequers_serial_rivers_micro_a, uniq_ijyb, uniq_robin
D:4:      nicolae_cairo_tiling_very_big, layout_loops_ring, tgw_sif,
          mainiacjoe_overflow_small_starburst, uniq_pikel, uniq_natasha,
          uniq_crazy_yiuf_cottage
D:5:      layout_basic, minmay_temple_entry_overgrown,
          minmay_misc_feat_more_columns, uniq_blork_the_orc, uniq_duvessa
Temple:   jpeg_temple_clearing

Skill      XL: |  1  2  3  4  5  6  7  8 |
---------------+-------------------------+-----
Crossbows      | 5 6 8 9 |  9.6
Dodging        | 3 |  3.1
Stealth        | 2 |  2.0
Fighting       | 3 4 |  4.1
Hexes          | 1 3 |  3.3
Armour         | 1 2 |  2.0
Short Blades   | 1 |  1.6
Spellcasting   | 2 |  2.0

Action                   |  1- 3 |  4- 6 |  7- 9 || total
-------------------------+-------+-------+-------++-------
Melee: Short sword       |    58 |       |       ||    58
       Dagger            |    59 |    97 |    49 ||   205
       Punch             |       |     1 |     1 ||     2
       Whip              |       |       |    94 ||    94
 Fire: Hand crossbow     |     6 |    59 |    72 ||   137
       Hunting sling     |       |       |    22 ||    22
Throw: Stone             |       |       |     1 ||     1
 Cast: Slow              |       |     2 |     1 ||     3
  Use: Scroll            |       |     5 |     3 ||     8
       Potion            |       |       |     2 ||     2
 Stab: Sleeping          |    16 |     4 |     1 ||    21
       Distracted        |       |       |     1 ||     1
Armor: Leather armour    |    20 |       |       ||    20
       Robe              |     6 |     1 |       ||     7
       Ring mail         |       |    30 |    46 ||    76
Dodge: Dodged            |    73 |    85 |   126 ||   284
